 Dungeon Crawl Stone Soup version 0.26.1-2-gb8aa6d0cf2 (webtiles) character file.

Game seed: 265445457181606754

233 jlumianski the Chopper (level 5, -9/49 HPs)
             Began as a Palentonga Fighter on Feb 28, 2021.
             Mangled by an ogre
             ... wielding a +0 giant spiked club
              (25 damage)
             ... on level 3 of the Dungeon.
             The game lasted 00:14:21 (3988 turns).

jlumianski the Chopper (Palentonga Fighter)         Turns: 3988, Time: 00:14:22

Health: -9/49      AC:  6    Str: 20    XL:     5   Next: 74%
Magic:  5/5        EV:  5    Int:  8    God:
Gold:   22         SH:  9    Dex: 10    Spells: 4/4 levels left

rFire    . . .     SeeInvis +   a - +0 war axe
rCold    . . .     Faith    .   c - +0 kite shield
rNeg     . . .     Spirit   .   b - +0 scale mail
rPois    .         Reflect  .   (no helmet)
rElec    .         Harm     .   (no cloak)
rCorr    .         Rampage  .   (no gloves)
Will     .....                  (no barding)
Stlth    ..........             (no amulet)
HPRegen  0.16/turn              (no ring)
MPRegen  0.09/turn              (no ring)

@: mighty
A: large, rugged brown scales 3, see invisible, deformed body, roll 1, armoured
tail
a: Rolling Charge


You were on level 3 of the Dungeon.
You visited 1 branch of the dungeon, and saw 4 of its levels.

You collected 191 gold pieces.
You spent 169 gold pieces at shops.

Inventory:

Hand Weapons
 a - a +0 war axe (weapon)
 r - a +2 spear of flaming
 t - a +2 war axe of electrocution
Missiles
 k - 45 stones
 o - 2 silver javelins (quivered)
Armour
 b - a +0 scale mail (worn)
 c - a +0 kite shield (worn)
Jewellery
 h - an uncursed amulet of faith
Scrolls
 f - 2 scrolls of teleportation
 i - 2 scrolls of amnesia
 l - a scroll of random uselessness {unknown}
 m - 7 scrolls of identify
 p - 3 scrolls of remove curse {unknown}
 q - a scroll of enchant armour {unknown}
 s - a scroll of enchant weapon {unknown}
Potions
 e - a potion of resistance {unknown}
 g - a potion of attraction
 j - a potion of lignification {unknown}
 n - a potion of curing


   Skills:
 + Level 3.9 Fighting
 + Level 4.0 Axes
 + Level 3.2 Armour
 + Level 0.7 Dodging
 + Level 3.2 Shields


You had 4 spell levels left.
You didn't know any spells.
Your spell library was empty.

Dungeon Overview and Level Annotations

Branches:
Dungeon (4/15)
 Temple: D:4-7

Altars:

Shops:
D:4 *


Innate Abilities, Weirdness & Mutations

You are completely covered in rugged brown scales. (AC +3, +7% HP)
You have supernaturally acute eyesight. (SInv)
Armour fits poorly on your strangely shaped body.
You can roll at nearby foes to attack.
You have a long armoured tail.


Message History

(D) Dungeon
Where to? (Enter - D:3, ? - help)
What level of the Dungeon? (default 1, ? - help)
There is an open door here.
There is an open door here.
There is a stone staircase leading down here.
You climb downwards.
The ogre shouts!
A quokka skeleton comes into view.
There is a stone staircase leading up here.
The ogre hits you with a +0 giant spiked club!!
The quokka skeleton bites you.
You climb upwards.
There is a stone staircase leading down here.
You feel very mighty all of a sudden.
The ogre hits you with a +0 giant spiked club!
You barely miss the ogre.
The ogre hits you with a +0 giant spiked club!!
Ouch! That really hurt!
You die...

###..........##.#...##.#....[....
.....................÷.'.........
###...##.######........#.........
##.###.# #######.######.......#
### #.# #.........# ##.....##
###.# #.#####.#.# ##...### #...#
#.# ###.#.# #..#[... #.### #.#
#...#.# #.##...# #†# #.###@###.#
#.####.. #### #.# #.....O...#
#.##.... ...# #.# #####.#####
####.... ...###.# #.# ####.....##
.......# #.######.##.......
#..##### #.......#.###..... .[.#
########.##....### #.## ####....#
#.# #.....###


You could see an ogre.

Vanquished Creatures
  An orc priest (D:2)
  An orc wizard (D:3)
  An iguana (D:1)
  7 adders
  An ufetubus (D:3)
  2 worms
  3 dart slugs (D:1)
  2 leopard geckos
  6 orcs
  8 bats
  2 giant cockroaches
  7 goblins
  6 hobgoblins
  3 jackals (D:2)
  A ball python (D:2)
  3 frilled lizards
  7 kobolds
  4 rats
65 creatures vanquished.

Notes
Turn   | Place    | Note
-------+----------+-------------------------------------------
     0 | D:1      | jlumianski the Palentonga Fighter began the quest for the
                  | Orb.
     0 | D:1      | Reached XP level 1. HP: 20/20 MP: 1/1
   167 | D:1      | Reached XP level 2. HP: 21/27 MP: 2/2
   458 | D:1      | Reached XP level 3. HP: 28/33 MP: 3/3
  1017 | D:1      | Reached XP level 4. HP: 6/41 MP: 4/4
  1527 | D:2      | Reached skill level 3 in Axes
  2551 | D:2      | Reached XP level 5. HP: 28/49 MP: 5/5
  3574 | D:4      | Found Okatay's Assorted Antiques.
  3577 | D:4      | Bought a glowing war axe for 169 gold pieces
  3577 | D:4      | Noticed an ogre
  3608 | D:3      | Reached skill level 4 in Axes
  3988 | D:3      | Mangled by an ogre

Illustrated notes

Levels and vault maps discovered:
D:1:      zaba_arrival_water, layout_rooms
D:2:      layout_basic, grunt_ministairs_10
D:3:      layout_loops_corners, hangedman_decor_growths, hangedman_decor_push
D:4:      layout_cave_pools, serial_shops, nicolae_shop_waterfront, shop,
          nicolae_shop_waterfront, nicolae_shop_trees, shop

Skill      XL: |  1  2  3  4  5 |
---------------+----------------+-----
Shields        | 3 |  3.2
Axes           | 3 4 |  4.0
Armour         | 3 |  3.2
Fighting       | |  3.9
Dodging        | |  0.7

Action                   |  1- 3 |  4- 6 || total
-------------------------+-------+-------++-------
Melee: War axe           |    84 |   128 ||   212
       Tailslap          |     5 |    11 ||    16
Throw: Stone             |       |     2 ||     2
       Javelin           |       |     3 ||     3
 Abil: Rolling Charge    |    14 |    16 ||    30
  Use: Scroll            |     5 |     2 ||     7
       Potion            |       |     3 ||     3
Armor: Scale mail        |    47 |    63 ||   110
Dodge: Dodged            |    26 |    30 ||    56
Block: Kite shield       |    47 |    60 ||   107
